 Dungeon Crawl Stone Soup version 0.17.1-3-g152610e (webtiles) character file.

46 MrTails the Chopper (level 3, -1/29 HPs)
             Began as a Demonspawn Berserker on Feb 22, 2016.
             Was a Believer of Trog.
             Succumbed to poison (a potion of poison)
             ... on level 3 of the Dungeon.
             The game lasted 00:05:22 (1498 turns).

MrTails the Chopper (Demonspawn Berserker)          Turns: 1498, Time: 00:05:22

Health: -1/29      AC: 10    Str: 16    XL:     3   Next: 46%
Magic:  3/3        EV: 10    Int:  8    God:    Trog [**....]
Gold:   40         SH:  0    Dex: 17    Spells: 0 memorised, 2 levels left

rFire  . . .     SeeInvis .     a - +0 hand axe
rCold  . . .     Rnd*Rage +     q - +0 plate armour
rNeg   . . .     SustAt   .     (no shield)
rPois  .         Gourm    .     (helmet restricted)
rElec  .         Spirit   .     (no cloak)
rCorr  .         Warding  .     (no gloves)
rMut   .         Stasis   .     (no boots)
MR     .....                    (no amulet)
Stlth  ..........               (no ring)
                                (no ring)

@: agile, lethally poisoned (-1 -> -16), exhausted, flying, slowed, very slow,
not resistant to hostile enchantments, extremely unstealthy
A: beak, hooves 1, berserk 1, weak 1
a: Berserk, Trog's Hand, Burn Spellbooks, Renounce Religion


You were on level 3 of the Dungeon.
You worshipped Trog.
Trog was pleased with you.
You were very hungry.

You visited 1 branch of the dungeon, and saw 3 of its levels.

You collected 40 gold pieces.

Inventory:

Hand Weapons
 a - a +0 hand axe (weapon)
Armour
 b - a +0 animal skin
 q - a +0 plate armour (worn)
Jewellery
 m - an uncursed amulet of faith {unknown}
Scrolls
 d - a scroll of recharging {unknown}
 f - 3 scrolls of remove curse {unknown}
 g - a scroll of immolation {unknown}
 i - 4 scrolls of identify {unknown}
 j - 2 scrolls of amnesia {unknown}
 k - 2 scrolls of magic mapping {unknown}
 l - a scroll of fog {unknown}
 s - a scroll of teleportation {unknown}
Potions
 e - a potion of flight
 o - a potion of heal wounds {unknown}
 r - a potion of lignification {unknown}
Comestibles
 c - 2 bread rations


   Skills:
 + Level 3.2 Fighting
 * Level 3.6 Axes
 + Level 2.0 Armour
 - Level 2.0 Dodging


You had 2 spell levels left.
You didn't know any spells.

Dungeon Overview and Level Annotations

Branches:
Dungeon (3/15)

Altars:
Kikubaaqudgha
Makhleb
Qazlal
Vehumet
Zin


Innate Abilities, Weirdness & Mutations

You have large cloven feet.
You have a beak for a mouth.
You tend to lose your temper in combat.
You are weak. (Str -2)


Message History

You feel sick.
You see here a scroll labeled RUCISO BEOFOTH.
s - a scroll labeled RUCISO BEOFOTH Eat which item? (? for menu, Esc to quit)
Okay, then.
It was a potion of agility.
You feel agile all of a sudden.
* * * LOW HITPOINT WARNING * * *
You feel sick.
It was a potion of flight.
You feel very buoyant.
You fly up into the air.
It was a potion of poison.
That liquid tasted very nasty...
You are more poisoned.
* * * LOW HITPOINT WARNING * * *
You feel sick.
It was a potion of mutation.
You feel extremely strange.
You feel weaker.
You feel a little pissed off.
Your mouth lengthens and hardens into a beak!
You die...

#.#.# #. ##.#.# #.
#....## ##.##
#....##.##..#
######....##.###.####
....................###.
............#...........
.......@....##.#.#...###
#.#.##....#####†...#....
#...#.###.#.#...###
#...##.#.##.##.####
.........###.##.....
..########## #...<.### .
#####.... #####


There were no monsters in sight!

Vanquished Creatures
  2 adders
  A giant gecko (D:3)
  6 bats
  5 goblins (D:1)
  3 hobgoblins
  2 ball pythons (D:1)
  4 giant newts
  2 kobolds (D:1)
  4 rats (D:1)
29 creatures vanquished.

Notes
Turn   | Place    | Note
--------------------------------------------------------------
     0 | D:1      | MrTails the Demonspawn Berserker began the quest for the Orb.
     0 | D:1      | Reached XP level 1. HP: 18/18 MP: 1/1
   300 | D:1      | Gained mutation: You have large cloven feet. [demonic ancestry]
   300 | D:1      | Reached XP level 2. HP: 24/24 MP: 2/2
   700 | D:1      | Reached ** piety under Trog
   864 | D:2      | Found an ancient bone altar of Kikubaaqudgha.
   865 | D:2      | Found a glowing silver altar of Zin.
   874 | D:2      | Reached XP level 3. HP: 29/29 MP: 3/3
   934 | D:2      | Found a radiant altar of Vehumet.
   987 | D:2      | Found a stormy altar of Qazlal.
  1408 | D:2      | Found a burning altar of Makhleb.
  1410 | D:2      | Noticed a green death
  1414 | D:2      | Noticed a ynoxinul
  1414 | D:2      | Noticed a ynoxinul
  1497 | D:3      | HP: 1/29 [poison (a potion of poison)]
  1498 | D:3      | Gained mutation: You are weak. (Str -2) [potion of mutation]
  1498 | D:3      | Gained mutation: You tend to lose your temper in combat. [potion of mutation]
  1498 | D:3      | Gained mutation: You have a beak for a mouth. [potion of mutation]
  1498 | D:3      | Succumbed to poison (a potion of poison)

Action                   || total
-------------------------++-------
Melee: Hand axe          ||   116
Invok: Berserk           ||     3
  Use: Potion            ||     4
  Eat: Chunk             ||     2
       Pizza             ||     1
